 Dungeon Crawl Stone Soup version 0.28.0-43-g3370ac3207 (webtiles) character file.

Game seed: 8540777412775296010

2223 pkoi the Martial Artist (level 9, -3/75 HPs)
             Began as a Black Draconian Monk on Mar 1, 2022.
             Slain by a two-headed ogre
             ... wielding a +0 giant club
              (9 damage)
             ... on level 7 of the Dungeon.
             The game lasted 00:11:24 (8359 turns).

pkoi the Martial Artist (Black Draconian Monk)      Turns: 8359, Time: 00:11:25

Health: -3/75      AC:  7    Str: 20    XL:     9   Next: 13%
Magic:  0/9        EV: 14    Int: 14    God:
Gold:   408        SH:  0    Dex: 14    Spells: 8/8 levels left

rFire   . . .      SeeInvis .     - Unarmed
rCold   . . .      Faith    .   (no shield)
rNeg    . . .      Spirit   +   (armour unavailable)
rPois   .          Reflect  .   (helmet restricted)
rElec   +          Harm     .   (no cloak)
rCorr   +          Rampage  .   (no gloves)
Will    .....                   (no boots)
Stlth   ++........              k - amulet of guardian spirit
HPRegen 0.22/turn               b - ring of resist corrosion
MPRegen 0.11/turn               h - +6 ring of strength

@: no status effects
A: breathe lightning, AC +7, unfitting armour, electricity resistance,
cold-blooded
a: Breathe Lightning


You were on level 7 of the Dungeon.
You visited 1 branch of the dungeon, and saw 7 of its levels.

You collected 408 gold pieces.

Inventory:

Hand Weapons
 d - a +0 rapier
Missiles
 g - 2 poisoned darts (quivered)
Jewellery
 b - a ring of resist corrosion (left hand)
 f - a ring of flight
 h - a +6 ring of strength (right hand)
 j - an amulet of faith
 k - an amulet of guardian spirit (around neck)
 p - a +6 ring of strength
Wands
 a - a wand of mindburst (15)
Potions
 c - 2 potions of mutation {unknown}
 e - a potion of attraction
 i - 5 potions of curing {unknown}
 l - a potion of flight {unknown}
 m - 2 potions of degeneration {unknown}
 n - a potion of resistance
 o - a potion of magic {unknown}


   Skills:
 - Level 6.0 Fighting
 + Level 6.0 Dodging
 - Level 3.0 Stealth
 * Level 9.8 Unarmed Combat
 + Level 0.0 Evocations


You had 8 spell levels left.
You didn't know any spells.
Your spell library contained the following spells:

 Spells                   Type           Power      Damage    Failure   Level
 Magic Dart               Conj           0%         1d3       28%         1
 Sandblast                Erth           0%         2d4       28%         1
 Call Imp                 Summ           0%         N/A       41%         2
 Corpse Rot               Necr/Air       0%         N/A       41%         2
 Passwall                 Tmut/Erth      0%         N/A       41%         2
 Mephitic Cloud           Conj/Pois/Air  0%         N/A       65%         3
 Ozocubu's Armour         Ice            0%         N/A       65%         3
 Stone Arrow              Conj/Erth      0%         3d7       65%         3
 Dispel Undead            Necr           0%         3d6       96%         4
 Metabolic Englaciation   Hex/Ice        0%         N/A       100%        5
 Death Channel            Necr           0%         N/A       100%        6
 Simulacrum               Ice/Necr       0%         N/A       100%        6
 Lehudib's Crystal Spear  Conj/Erth      0%         10d2      100%        8
 Animate Armour           Summ/Erth      Unusable   N/A       N/A         4

Dungeon Overview and Level Annotations

Branches:
Dungeon (7/15)
 Temple: D:4-7

Altars:
Yredelemnul

Shops:
D:7 [

Annotations:
D:3 1 runed translucent door, pkoi's ghost, amateur DrCj


Innate Abilities, Weirdness & Mutations

You can breathe wild blasts of lightning.
Your glossy black scales are hard. (AC +7)
You cannot fit into any form of body armour.
You are resistant to electric shocks. (rElec)
You are cold-blooded and may be slowed by cold attacks.


Message History

You punch the steam dragon, but do no damage.
The steam dragon is heavily wounded.
The steam dragon barely misses you. The steam dragon misses you.
You barely miss the steam dragon. You tail-slap the steam dragon.
The steam dragon is heavily wounded.
The steam dragon misses you. The steam dragon closely misses you.
You closely miss the steam dragon.
The steam dragon is heavily wounded.
You punch the steam dragon!
You kill the steam dragon!
The steam dragon scales are intact enough to wear.
Your Dodging skill increases to level 6!
Things that are here:
+0 steam dragon scales; a steam dragon corpse
Found 15 stones.
Found a stone staircase leading down.
There is a stone staircase leading down here.
You see here 15 stones.
Found 24 arrows.
Found Qimojoal's Antique Armour Boutique.
There is an entrance to Qimojoal's Antique Armour Boutique here.
A two-headed ogre comes into view. It is wielding two +0 giant clubs.
A two-headed ogre is nearby!
The two-headed ogre shouts in stereo!
The two-headed ogre hits you with a +0 giant club!!
* * * LOW HITPOINT WARNING * * *
The two-headed ogre hits you with a +0 giant club!
* * * LOW HITPOINT WARNING * * *
You punch the two-headed ogre! You tail-slap the two-headed ogre.
The two-headed ogre is moderately wounded.
You hit the two-headed ogre.
The two-headed ogre is moderately wounded.
The two-headed ogre hits you with a +0 giant club!!
* * * LOW HITPOINT WARNING * * *
The two-headed ogre hits you with a +0 giant club!
* * * LOW HITPOINT WARNING * * *
You hit the two-headed ogre.
The two-headed ogre is moderately wounded.
Unknown command.
The two-headed ogre hits you with a +0 giant club!
You die...

#.# #.......#
#.# #..#.##.#
#.# #..#....#
#.# #.....#.#
##.####.##.##.#
#..........##.#
#.#.###.##.##.#
#.#.######.##.#
#.#@..........#
#.#O.#####.####
#.#...# #.#
..#.#.# #.#
######.#.# .#
#......#.###
..(..####.§...##
..# #..§§§..#
#.≈≈≈≈§.#


You could see a two-headed ogre.

Vanquished Creatures
  A two-headed ogre (D:6)
  Prince Ribbit (D:5)
  A steam dragon (D:7)
  A water moccasin (D:6)
  A hornet zombie (D:6)
  A necrophage (D:5)
  3 ogres
  3 bullfrogs
  A water moccasin zombie (D:6)
  3 wights (D:6)
  A bullfrog zombie (D:4)
  An orc priest (D:3)
  2 hounds (D:4)
  9 gnolls
  8 adders
  A shadow imp (D:6)
  2 white imps (D:6)
  2 worms
  3 dart slugs
  11 orcs
  8 ball pythons
  2 bats (D:1)
  7 endoplasms
  4 giant cockroaches
  7 goblins
  3 hobgoblins
  11 jackals
  4 kobolds
  5 quokkas
  9 rats
  A spectral orc (D:5)
117 creatures vanquished.

Vanquished Creatures (others)
  3 plants (D:7)
3 creatures vanquished.

Grand Total: 120 creatures vanquished

Notes
Turn   | Place    | Note
-------+----------+-------------------------------------------
     0 | D:1      | pkoi the Draconian Monk began the quest for the Orb.
     0 | D:1      | Reached XP level 1. HP: 19/19 MP: 1/1
    27 | D:1      | Reached XP level 2. HP: 7/26 MP: 2/2
   628 | D:1      | Reached skill level 4 in Unarmed Combat
   731 | D:1      | Found a faded altar of an unknown god.
   833 | D:1      | Reached XP level 3. HP: 31/31 MP: 3/3
  2208 | D:2      | Reached skill level 5 in Unarmed Combat
  2208 | D:2      | Reached XP level 4. HP: 38/38 MP: 4/4
  2309 | D:3      | Found a runed translucent door.
  2793 | D:3      | Reached XP level 5. HP: 45/45 MP: 5/5
  3136 | D:3      | Noticed pkoi's ghost (amateur DrCj)
  3389 | D:4      | Noticed an orc warrior
  3498 | D:4      | Reached skill level 6 in Unarmed Combat
  3837 | D:4      | Reached XP level 6. HP: 36/52 MP: 4/6
  3937 | D:5      | Entered Level 5 of the Dungeon
  4088 | D:5      | Noticed Prince Ribbit
  4107 | D:5      | Killed Prince Ribbit
  4108 | D:5      | Reached skill level 7 in Unarmed Combat
  4108 | D:5      | Your scales start taking on a glossy black colour.
  4108 | D:5      | Reached XP level 7. HP: 60/60 MP: 7/7
  4108 | D:5      | Gained mutation: You are resistant to electric shocks.
                  | (rElec) [Black Draconian growth]
  4378 | D:5      | Reached skill level 5 in Fighting
  5705 | D:5      | Found a basalt altar of Yredelemnul.
  6059 | D:6      | Reached XP level 8. HP: 51/69 MP: 6/8
  6608 | D:6      | Noticed a cyclops
  6834 | D:6      | Reached skill level 8 in Unarmed Combat
  7201 | D:6      | Noticed a two-headed ogre
  7257 | D:6      | Reached skill level 5 in Dodging
  7333 | D:6      | Killed a two-headed ogre
  7334 | D:6      | Reached skill level 9 in Unarmed Combat
  7334 | D:6      | Reached XP level 9. HP: 8/75 MP: 1/9
  8333 | D:7      | Found Qimojoal's Antique Armour Boutique.
  8348 | D:7      | Noticed a two-headed ogre
  8359 | D:7      | Slain by a two-headed ogre

Illustrated notes

Levels and vault maps discovered:
D:1:      saegor_arrival_simple_b, layout_rooms, shapermc_ecumenical_altar_venn,
          serial_bayou_pond_e, amcnicky_mini_pool_small, minmay_three_crescents
D:2:      layout_basic
D:3:      layout_rooms, ebering_ghost_reflecting_pool
D:4:      layout_gridville
D:5:      layout_gridville, yredelemnul_forgotten_temple_becter,
          nicolae_figureground_pulse, uniq_prince_ribbit1
D:6:      nicolae_cairo_tiling, layout_gridville, lightli_corner_chamber
D:7:      layout_basic, minmay_temple_entry_nine_rooms, serial_shops,
          nicolae_lakefront_shop, minmay_misc_feat_plants,
          kennysheep_generic_room_11, uniq_duvessa

Skill      XL: |  1  2  3  4  5  6  7  8  9 |
---------------+----------------------------+-----
Unarmed Combat | 4 5 6 7 9 |  9.8
Dodging        | 3 4 5 6 |  6.0
Fighting       | 4 5 6 |  6.0
Stealth        | 2 3 |  3.0

Action                   |  1- 3 |  4- 6 |  7- 9 || total
-------------------------+-------+-------+-------++-------
Melee: Unarmed           |   151 |   161 |   151 ||   463
       Tailslap          |    13 |    27 |    26 ||    66
       Punch             |     4 |     4 |    10 ||    18
Throw: Dart              |       |     2 |       ||     2
 Abil: Breathe Lightning |       |       |     1 ||     1
  Use: Scroll            |       |     5 |     6 ||    11
       Potion            |       |     2 |       ||     2
 Stab: Sleeping          |     3 |     1 |     6 ||    10
Armor: Skin              |    46 |    29 |    20 ||    95
Dodge: Dodged            |   107 |    81 |    92 ||   280
